Map: Submarine LE

Players

cHuT - Winner!

  • Race: Protoss Protoss
  • League: Master
  • Spawn Location: 5:00

Osiris

  • Race: Terran Terran
  • League: Diamond
  • Spawn Location: 11:00

VOD

Have the link to the VOD?

Description

Time

  • Played on: Jan. 30, 2021, 11:56 a.m.
  • Length: 5:24
Show
View Real Time Build Order
Export as new Build Order

cHuT Protoss - Winner!

Build Orders: Proxy Void Ray 

Get SALT Encoding   

  12  0:10  Pylon  
  12  0:13  Probe  
  13  0:25  Probe (Chrono Boost)  
  14  0:34  Gateway  
  15  0:36  Probe (Chrono Boost)  
  15  0:40  Probe (Chrono Boost)  
  16  0:45  Assimilator  
  16  0:51  Probe  
  16  0:55  Assimilator  
  17  1:03  Probe  
  18  1:15  Probe  
  19  1:22  Cybernetics Core  
  19  1:27  Probe  
  20  1:35  Pylon  
  20  1:39  Probe  
  22  1:54  Probe  
  22  1:56  Adept (Chrono Boost)  
  22  1:58  Stargate  
  24  2:01  Warp Gate  
  24  2:06  Probe  
  25  2:18  Adept  
  27  2:28  Pylon  
  28  2:33  Void Ray (Chrono Boost)  
  30  2:56  Probe  
  31  2:58  Pylon  
  31  3:03  Void Ray (Chrono Boost)  
  35  3:22  Pylon  
  35  3:31  Pylon  
  35  3:37  Void Ray (Chrono Boost)  
  35  3:48  Shield Battery  
  39  3:52  Adept  
  41  3:57  Shield Battery  
  41  4:00  Shield Battery  
  41  4:04  Shield Battery  
  41  4:07  Void Ray (Chrono Boost)  
  45  4:30  Shield Battery  
  45  4:32  Pylon  
  45  4:40  Void Ray (Chrono Boost)  
  49  5:07  Adept  
  49  5:11  Shield Battery  
  49  5:12  Shield Battery  
  49  5:13  Pylon  
Show
View Real Time Build Order
Export as new Build Order

Osiris Terran 

Build Orders: Reaper Expand 

Get SALT Encoding   

  12  0:00  SCV  
  13  0:12  SCV  
  14  0:17  Supply Depot  
  14  0:24  SCV  
  15  0:38  SCV  
  15  0:39  Barracks  
  16  0:44  Refinery  
  16  0:50  SCV  
  17  1:02  SCV  
  18  1:15  SCV  
  19  1:27  Orbital Command, Reaper  
  20  1:44  Command Center  
  20  1:51  Command Center  
  20  1:53  SCV  
  21  2:00  Supply Depot  
  21  2:02  Marine  
  21  2:06  SCV  
  23  2:15  Bunker  
  23  2:22  Marine, SCV  
  25  2:30  Factory  
  25  2:34  SCV  
  25  2:35  Refinery  
  26  2:41  Marine  
  27  2:46  SCV  
  28  2:56  Engineering Bay  
  28  2:58  SCV  
  28  2:59  Marine  
  28  3:05  Bunker  
  30  3:10  SCV  
  31  3:16  Factory Tech Lab  
  31  3:18  Marine  
  32  3:22  SCV  
  33  3:27  Orbital Command  
  33  3:32  Starport  
  33  3:34  SCV  
  34  3:47  SCV  
  35  3:52  Cyclone  
  38  4:00  Supply Depot x2  
  38  4:09  Supply Depot x2  
  38  4:22  Viking, Marine, SCV x2  
  43  4:29  Cyclone  
  46  4:34  SCV x2  
  46  4:37  Supply Depot  
  48  4:46  SCV  
  48  4:49  Marine  
  50  4:53  Viking  
  48  5:06  SCV x2  
Tags
 
Add a new tag
Caveats
  • Supply blocks, unpowered buildings, or Contaminate may cause inaccurate times.
  • Supply counts are checked every 10 seconds.